 Dungeon Crawl Stone Soup version 0.30.1-3-gfc49f6343a (webtiles) character file.

Game seed: 13448850544162722518

11 Heoruswealwe the Conjurer (level 2, 0/15 HPs)
             Began as a Deep Elf Conjurer on July 24, 2023.
             Slain by a black bear (8 damage)
             ... created by the rage of Trog
             ... on level 1 of the Dungeon.
             The game lasted 00:05:16 (500 turns).

Heoruswealwe the Conjurer (Deep Elf Conjurer)        Turns: 500, Time: 00:05:16

Health: 0/15       AC:  2    Str:  4    XL:     2   Next: 17%
Magic:  0/8        EV: 12    Int: 22    God:
Gold:   40         SH:  0    Dex: 13    Spells: 5/8 levels left

rFire   . . .        (no weapon)
rCold   . . .        (no shield)
rNeg    . . .        c - +0 robe
rPois   .            (no helmet)
rElec   .            (no cloak)
rCorr   .            (no gloves)
SInv    .            (no boots)
Will    .....        (no amulet)
Stlth   ++           (no ring)
HPRegen 0.22/turn    (no ring)
MPRegen 0.11/turn

%: no passive effects
@: no status effects
A: no striking features
a: no special abilities


You were on level 1 of the Dungeon.
You visited 1 branch of the dungeon, and saw 1 of its levels.

You collected 40 gold pieces.

Inventory:

Armour
 c - a +0 robe (worn)
 f - a +0 robe
Scrolls
 a - a scroll of poison {unknown}
 e - 2 scrolls of amnesia {unknown}
Potions
 b - a potion of magic
 d - a potion of heal wounds {unknown}
 g - a potion of brilliance {unknown}
 h - 2 potions of might {unknown}


   Skills:
 - Level 2.4 Dodging
 - Level 2.4 Stealth
 + Level 3.6 Spellcasting
 + Level 4.7 Conjurations


You had 5 spell levels left.
You knew the following spells:

 Your Spells              Type           Power      Damage    Failure   Level
a - Magic Dart            Conj           96%        1d7       1%          1
b - Searing Ray           Conj           48%        2d6       2%          2

Your spell library contained the following spells:

 Spells                   Type           Power      Damage    Failure   Level
 Dazzling Flash           Conj/Hex       28%        N/A       13%         3
 Fulminant Prism          Conj/Hex       7%         3d6       41%         4
 Iskenderun's Mystic Bla  Conj/Tloc      14%        2d5       41%         4


Dungeon Overview and Level Annotations

Branches:
Dungeon (1/15)

Altars:
Trog


Message History

You have reached level 2!
Memorise Searing Ray, consuming 2 spell levels and leaving 5?
You start memorising the spell.
You continue memorising. x2
The endoplasm quivers.
You finish memorising.
Spell assigned to 'b'.
The magic dart hits the endoplasm.
The endoplasm is almost dead.
You hear an angry hiss.
The magic dart hits the ball python.
The ball python is severely wounded.
You are out of magic!
An endoplasm comes into view.
The endoplasm moves out of view.
The magic dart hits the ball python.
You kill the ball python!
The magic dart hits the endoplasm.
You kill the endoplasm!
A hobgoblin comes into view.
The magic dart hits the hobgoblin.
The hobgoblin is heavily wounded.
The magic dart hits the hobgoblin.
The hobgoblin is almost dead.
The hobgoblin barely misses you.
You barely miss the hobgoblin.
The hobgoblin is almost dead.
The hobgoblin hits you.
You barely miss the hobgoblin.
The hobgoblin is almost dead.
The hobgoblin completely misses you.
You hit the hobgoblin but do no damage.
The hobgoblin is almost dead.
The hobgoblin hits you. Trog sends monsters to punish you.
A black bear and 2 polar bears come into view.
The magic dart hits the hobgoblin.
You kill the hobgoblin!
The black bear attacks as you move away!
The black bear bites you!
Ouch! That really hurt!
You die...

###### #..... #
#.h..###.# #...h....#
#...@.# ###†#h#######
#.#.......# #.#######.#
#. ..#...#
#########.#.#######
#.................# #
#............####.#####
#..........######....##


You could see 2 polar bears and a black bear (berserk).

Vanquished Creatures
  An endoplasm (D:1)
  A goblin (D:1)
  A hobgoblin (D:1)
  2 jackals (D:1)
  3 ball pythons (D:1)
  A frilled lizard (D:1)
  2 kobolds (D:1)
11 creatures vanquished.

Notes
Turn   | Place    | Note
-------+----------+-------------------------------------------
     0 | D:1      | Heoruswealwe the Deep Elf Conjurer began the quest for the
                  | Orb.
     0 | D:1      | Reached XP level 1. HP: 10/10 MP: 6/6
   134 | D:1      | Found a faded altar of an unknown god.
   192 | D:1      | Prayed at the altar of an unknown god.
   192 | D:1      | Became a worshipper of Trog the Wrathful
   192 | D:1      | Reached * piety under Trog
   199 | D:1      | Fell from the grace of Trog
   454 | D:1      | Reached XP level 2. HP: 15/15 MP: 2/8
   457 | D:1      | Learned a level 2 spell: Searing Ray
   499 | D:1      | Noticed a black bear
   499 | D:1      | Noticed a polar bear
   499 | D:1      | Noticed a polar bear
   500 | D:1      | Slain by a black bear

Illustrated notes

Levels and vault maps discovered:
D:1:      wander_arrival_lonely_grave, layout_basic,
          dilly_ecumenical_altar_fadedgnrine

Action                     || total
---------------------------++-------
  Melee: Unarmed           ||    30
         Punch             ||     1
   Cast: Magic Dart        ||    22
 Invoke: Renounce Religion ||     1
  Dodge: Dodged            ||     2
